 Dungeon Crawl Stone Soup version 0.25.1-2-g60ff931df9 (webtiles) character file.

Game seed: 4251583754162313005

293 Allula97 the Gusty (level 6, -6/35 HPs)
             Began as a Tengu Air Elementalist on Nov 16, 2020.
             Mangled by a gnoll
             ... wielding a +0 whip of electrocution
              (17 damage)
             ... on level 4 of the Dungeon.
             The game lasted 00:19:59 (2565 turns).

Allula97 the Gusty (Tengu Air Elementalist)         Turns: 2565, Time: 00:19:59

Health: -6/35      AC:  3    Str:  8    XL:     6   Next: 33%
Magic:  18/20      EV:  8    Int: 18    God:
Gold:   131        SH:  0    Dex: 14    Spells: 4/10 levels left

rFire    . . .     SeeInvis .   p - +0 rapier
rCold    . . .     Gourm    .   (no shield)
rNeg     . . .     Faith    .   s - +0 leather armour
rPois    .         Spirit   .   (helmet restricted)
rElec    .         Reflect  +   (no cloak)
rCorr    .         Harm     .   (no gloves)
MR       .....                  (boots unavailable)
Stlth    ++........             x - amulet of reflection
HPRegen  0.11/turn              n - ring of magical power
MPRegen  0.17/turn              (no ring)

@: flying quickly and evasively, very slightly contaminated, held, quick
A: beak, talons 3, able to fly
a: Stop Flying


You were on level 4 of the Dungeon.
You were not hungry.

You visited 1 branch of the dungeon, and saw 4 of its levels.

You collected 131 gold pieces.

Inventory:

Hand Weapons
 p - a +0 rapier (weapon)
Armour
 s - a +0 leather armour (worn)
 v - a +0 ring mail
Jewellery
 i - an uncursed amulet of guardian spirit
 n - a ring of magical power (left hand)
 x - an amulet of reflection (around neck)
Scrolls
 a - a scroll of enchant armour {unknown}
 b - a scroll of fog {unknown}
 d - a scroll of fear {unknown}
 g - 4 scrolls of identify {unknown}
 h - 2 scrolls of teleportation {unknown}
 l - 2 scrolls of magic mapping {unknown}
 r - 2 scrolls of immolation {unknown}
 t - 3 scrolls of blinking {unknown}
Potions
 e - 2 potions of ambrosia {unknown}
 f - a potion of brilliance {unknown}
 j - a potion of cancellation {unknown}
 k - a potion of flight {unknown}
 m - 4 potions of heal wounds {unknown}
 q - a potion of resistance {unknown}
 u - a potion of curing
 w - a potion of mutation {unknown}
 z - a potion of lignification {unknown}
Comestibles
 c - 5 rations


   Skills:
 * Level 2.2 Fighting
 + Level 1.8 Short Blades
 + Level 2.0 Armour
 + Level 3.0 Dodging
 - Level 2.0 Stealth
 * Level 2.9 Spellcasting
 + Level 3.1 Conjurations
 * Level 5.4 Air Magic


You had 4 spell levels left.
You knew the following spells:

 Your Spells              Type           Power        Failure   Level  Hunger
a - Shock                 Conj/Air       ###.         4%          1    None
b - Swiftness             Chrm/Air       ##......     12%         2    ##.....
c - Static Discharge      Conj/Air       ###.....     12%         3    ###....

Your spell library contained the following spells:

 Spells                   Type           Power        Failure   Level  Hunger
 Airstrike                Air            ###.......   24%         4    ####...
 Confusing Touch          Hex            #.......     56%         3    ###....
 Gell's Gravitas          Tloc           #.........   56%         3    ###....
 Petrify                  Tmut/Erth      #.......     93%         4    ####...
 Lightning Bolt           Conj/Air       ###.......   73%         5    ######.
 Metabolic Englaciation   Hex/Ice        #.........   100%        5    ######.
 Yara's Violent Unravell  Hex/Tmut       #.........   100%        5    ######.


Dungeon Overview and Level Annotations

Branches:
Dungeon (4/15)
 Temple: D:4-7

Altars:


Innate Abilities, Weirdness & Mutations

You have a beak for a mouth.
You have claws for feet.
You can fly continuously.


Message History

Aiming: Shock (safe; 4% risk of failure)
Press: ? - help, Shift-Dir - straight line You miscast Shock.
You are very lightly contaminated with residual magic.
Nothing appears to happen.
The gnoll shouts! x2
A leopard gecko skeleton comes into view.
You block the gnoll's attack.
Casting: Shock (safe; 4% risk of failure)
Confirm with . or Enter, or press ? or * to list all spells.
Aiming: Shock (safe; 4% risk of failure)
Press: ? - help, Shift-Dir - straight line The zap hits the gnoll.
The gnoll is moderately wounded.
The gnoll hits you but does no damage.
You are electrocuted!
The gnoll throws a throwing net.
The throwing net hits you.
You become entangled in the net!
You stop ascending the stairs.
The gnoll hits you with a +0 whip of electrocution.
You are electrocuted!
You die...

#.........#.......#.#
####'#.####.......#.#
####.#..............#
#....#.>........Zg.###
#.#####.######....g..#
#.# #.# #.รท.....# #.#
#.######.......# #.#
#......#.g.....#
#.##########.#.@.....#
#............#.g.......
##############........#
#........# .........#
..####....# .. ....#
... ....#


You could see a gnoll shaman, 3 gnolls and a leopard gecko skeleton.

Vanquished Creatures
  A phantom (D:4)
  A howler monkey (D:4)
  Natasha (D:4)
  3 gnolls (D:2)
  2 adders
  4 dart slugs
  5 leopard geckos
  2 orcs (D:3)
  7 bats
  7 giant cockroaches
  5 goblins
  4 hobgoblins (D:2)
  13 jackals
  A quokka (D:3)
  2 ball pythons
  4 frilled lizards
  3 kobolds
  A leopard gecko skeleton (D:4)
  3 rats
69 creatures vanquished.

Notes
Turn   | Place    | Note
-------+----------+-------------------------------------------
     0 | D:1      | Allula97 the Tengu Air Elementalist began the quest for the
                  | Orb.
     0 | D:1      | Reached XP level 1. HP: 10/10 MP: 4/4
    48 | D:1      | Reached XP level 2. HP: 11/16 MP: 0/6
   195 | D:1      | Learned a level 2 spell: Swiftness
   679 | D:1      | Reached skill level 1 in Armour
   768 | D:2      | Reached XP level 3. HP: 19/20 MP: 7/7
   776 | D:2      | Reached skill level 1 in Fighting
   824 | D:2      | Learned a level 3 spell: Static Discharge
  1022 | D:2      | Reached XP level 4. HP: 25/25 MP: 8/8
  1169 | D:2      | Reached skill level 1 in Short Blades
  1638 | D:3      | Gained mutation: You can fly continuously. [Tengu growth]
  1638 | D:3      | Reached XP level 5. HP: 29/29 MP: 9/9
  2273 | D:4      | Noticed a phantom
  2288 | D:4      | Killed a phantom
  2288 | D:4      | Reached skill level 5 in Air Magic
  2288 | D:4      | Reached XP level 6. HP: 19/35 MP: 6/11
  2426 | D:4      | Noticed Natasha
  2437 | D:4      | Killed Natasha
  2565 | D:4      | Mangled by a gnoll

Illustrated notes

Levels and vault maps discovered:
D:1:      scummos_arrival_simple_fountains, layout_basic
D:2:      layout_loops_ring, first_ration, serial_bayou_pond_e, minivault_5
D:3:      layout_basic
D:4:      layout_basic, grunt_temple_overflow_open, uniq_natasha

Skill      XL: |  1  2  3  4  5  6 |
---------------+-------------------+-----
Armour         | 1 2 |  2.0
Fighting       | 1 2 |  2.2
Conjurations   | 2 3 |  3.1
Short Blades   | 1 |  1.8
Air Magic      | 5 |  5.4
Dodging        | 3 |  3.0
Stealth        | |  2.0
Spellcasting   | |  2.9

Action                   |  1- 3 |  4- 6 || total
-------------------------+-------+-------++-------
Melee: Unarmed           |     5 |       ||     5
       Kick              |     2 |     1 ||     3
       Peck              |     1 |     4 ||     5
       Rapier            |       |    20 ||    20
 Cast: Shock             |    51 |    89 ||   140
       Static Discharge  |     2 |     3 ||     5
 Abil: Fly               |       |     1 ||     1
  Eat: Chunk             |     1 |     6 ||     7
Armor: Robe              |     6 |       ||     6
       Leather armour    |       |     6 ||     6
Dodge: Dodged            |    26 |    26 ||    52
Block: Other             |       |     2 ||     2
